 Dungeon Crawl Stone Soup version 0.15-a0-1174-g8389a64 (webtiles) character file.

249 Amnesiac the Sneak (level 5, 0/28 HPs)
             Began as a Deep Elf Enchanter on May 31, 2014.
             Killed from afar by an orc wizard (3 damage)
             ... with a magic dart
             ... on Level 4 of the Dungeon.
             The game lasted 00:08:32 (1366 turns).

Amnesiac the Sneak (Deep Elf Enchanter)             Turns: 1366, Time: 00:08:33

HP   0/28        AC  4     Str  5      XL: 5   Next: 86%
MP   5/16        EV 13     Int 23      God:
Gold 57          SH  0     Dex 16      Spells:  3 memorised,  4 levels left

rFire  . . .     SeeInvis .     w - +1 dagger
rCold  . . .     Clarity  .     b - +1 robe
rNeg   . . .     rCorr    .     (no shield)
rPois  .         rRot     .     (no helmet)
rElec  .         Spirit   .     j - +0 cloak
SustAb .         Warding  .     (no gloves)
rMut   .         Stasis   .     (no boots)
Gourm  .                        (no amulet)
MR     .....                    (no ring)
                                a - +3 ring of intelligence

@: not resistant to hostile enchantments, fairly stealthy
A: no striking features
a: no special abilities


You were on level 4 of the Dungeon.
You were near starving.

You visited 2 branches of the dungeon, and saw 6 of its levels.

You collected 57 gold pieces.

Inventory:

Hand weapons
 e - a +1 blowgun
 w - a +1,+1 dagger (weapon)
Missiles
 n - 21 poisoned needles
Armour
 b - a +1 robe (worn)
 j - a +0 cloak (worn)
Comestibles
 d - a bread ration
 f - 2 fruits
Scrolls
 h - a scroll of enchant weapon I {unknown}
 k - 2 scrolls of identify {unknown}
 p - a scroll of magic mapping {unknown}
 q - a scroll of fog {unknown}
Jewellery
 a - a +3 ring of intelligence (left hand)
Potions
 g - a potion of mutation {unknown}
 i - a potion of haste {unknown}
 l - 2 potions of heal wounds {unknown}
 m - a potion of restore abilities {unknown}
 o - a potion of curing {unknown}
Books
 c - a book of Maledictions

   Spells                             Type                      Level
   *Corona                            Hexes                        1
   Sure Blade                         Hexes/Charms                 2
   *Ensorcelled Hibernation           Hexes/Ice                    2
   *Confuse                           Hexes                        3
   Dazzling Spray                     Conjuration/Hexes            3
   Enslavement                        Hexes                        4


   Skills:
 - Level 2.0 Short Blades
 - Level 2.4 Dodging
 + Level 6.5 Stealth
 - Level 3.0 Spellcasting
 + Level 6.3 Hexes


You had 4 spell levels left.
You knew the following spells:

 Your Spells              Type           Power        Failure   Level  Hunger
a - Corona                Hex            ####...      1%          1    None
f - Confuse               Hex            ####....     2%          3    ###....
z - Ensorcelled Hibernat  Hex/Ice        ###...       6%          2    ##.....


Dungeon Overview and Level Annotations

Branches:
Dungeon (5/15)             Temple (1/1) D:5

Altars:
Ashenzari
Cheibriados
Elyvilon
Fedhas
Gozag
Makhleb
Nemelex Xobeh
Okawaru
Trog
Vehumet
Xom
Zin

Annotations:
D:3 exclusion: centaur


Message History

Aim: an orc wizard, wielding an iridescent dagger and wearing a robe The orc wizard is unaffected.
The orc wizard hits you with an iridescent dagger.
Casting: Ensorcelled Hibernation
Confirm with . or Enter, or press ? or * to list all spells.
Aiming: Ensorcelled Hibernation
Press: ? - help, Shift-Dir - straight line, f/p - orc wizard
Aim: an orc wizard, wielding an iridescent dagger and wearing a robe The orc wizard is unaffected.
The orc wizard hits you with an iridescent dagger.
* * * LOW HITPOINT WARNING * * *
x2
Casting: Ensorcelled Hibernation
Confirm with . or Enter, or press ? or * to list all spells.
Aiming: Ensorcelled Hibernation
Press: ? - help, Shift-Dir - straight line, f/p - orc wizard
Aim: an orc wizard, wielding an iridescent dagger and wearing a robe The orc wizard is unaffected.
The orc wizard points at you and mumbles some strange words.
The magic dart hits you!
You die...

#...........#
#...........#
#...........#
#...........#
#...........#
#...........#
#...........#
#>..........#
#.@.........#
#..o........#
#...........#
#...........#
#...........#
#...........#
#...........#
#...........#
#...........#


You could see an orc wizard.

Vanquished Creatures
  2 scorpions (D:4)
  A crimson imp (D:5)
  A hound (D:4)
  2 worker ants (D:5)
  A worm (D:2)
  2 giant geckos
  5 orcs
  3 goblins
  4 hobgoblins
  A ball python (D:3)
  2 giant newts
  5 kobolds
  2 rats
31 creatures vanquished.

Notes
Turn   | Place    | Note
--------------------------------------------------------------
     0 | D:1      | Amnesiac, the Deep Elf Enchanter, began the quest for the Orb.
     0 | D:1      | Reached XP level 1. HP: 10/10 MP: 5/5
    65 | D:2      | Reached XP level 2. HP: 12/15 MP: 6/8
    69 | D:2      | Learned a level 2 spell: Ensorcelled Hibernation
   355 | D:4      | Noticed a scorpion
   525 | D:3      | Noticed a centaur
   703 | D:3      | Reached XP level 3. HP: 12/19 MP: 1/10
   719 | D:3      | Learned a level 3 spell: Confuse
   951 | D:4      | Killed a scorpion
   951 | D:4      | Reached skill level 5 in Hexes
   951 | D:4      | Reached XP level 4. HP: 15/24 MP: 7/13
  1067 | D:4      | Reached skill level 5 in Stealth
  1068 | D:4      | Noticed a scorpion
  1079 | D:4      | Killed a scorpion
  1079 | D:4      | Reached XP level 5. HP: 28/28 MP: 12/16
  1110 | D:5      | Entered Level 5 of the Dungeon
  1126 | D:5      | Found a staircase to the Ecumenical Temple.
  1132 | D:5      | Reached skill level 6 in Stealth
  1133 | D:5      | Found a sparkling altar of Nemelex Xobeh.
  1136 | Temple   | Entered the Ecumenical Temple
  1366 | D:4      | Killed from afar by an orc wizard

Action                   |  1- 3 |  4- 6 || total
-------------------------+-------+-------++-------
Melee: Dagger            |    47 |     7 ||    54
 Fire: Blowgun           |     2 |     2 ||     4
 Cast: Corona            |     4 |       ||     4
       Ensorcelled Hiber |    21 |    20 ||    41
 Stab: Sleeping          |    16 |     6 ||    22
